 Dungeon Crawl Stone Soup version 0.30.0-10-gfe55d96785 (webtiles) character file.

Game seed: 13661124285826808330

153 Spectrina the Cudgeller (level 5, -2/41 HPs)
             Began as a Human Monk on May 15, 2023.
             Was a Believer of Elyvilon.
             Killed from afar by Sigmund (3 damage)
             ... with a magic dart
             ... on level 4 of the Dungeon.
             The game lasted 00:07:29 (713 turns).

Spectrina the Cudgeller (Human Monk)                 Turns: 713, Time: 00:07:30

Health: -2/41      AC:  6    Str: 13    XL:     5   Next: 61%
Magic:  1/6        EV: 12    Int: 16    God:    Elyvilon [**....]
Gold:   43         SH:  0    Dex: 16    Spells: 4/4 levels left

rFire   + . .        m - +2 short sword (venom)
rCold   . . .        (no shield)
rNeg    . . .        k - +0 leather armour {rF+}
rPois   .            (no helmet)
rElec   .            (no cloak)
rCorr   .            (no gloves)
SInv    .            c - +2 pair of boots
Will    .....        (no amulet)
Stlth   ++           f - +6 ring of intelligence
HPRegen 0.26/turn    (no ring)
MPRegen 0.10/turn

%: no passive effects
@: no status effects
A: no striking features
a: Renounce Religion, Purification, Heal Other


You were on level 4 of the Dungeon.
You worshipped Elyvilon.
Elyvilon was pleased with you.
You visited 1 branch of the dungeon, and saw 4 of its levels.

You collected 43 gold pieces.

Inventory:

Hand Weapons
 a - a +0 mace
 g - a +0 quarterstaff
 m - a +2 short sword of venom (weapon)
Armour
 b - a +0 robe
 c - a +2 pair of boots (worn)
 d - an orb of light
 h - an orb of mayhem
 k - a +0 leather armour of fire resistance (worn)
Jewellery
 f - a +6 ring of intelligence (left hand)
 n - a ring of protection from fire
Scrolls
 e - a scroll of identify {unknown}
 i - a scroll of silence {unknown}
 j - a scroll of enchant armour {unknown}


   Skills:
 - Level 3.0 Fighting
 - Level 3.3(3.8) Maces & Flails
 + Level 2.7(3.5) Staves
 - Level 3.0 Dodging
 + Level 3.0 Stealth
 * Level 2.1 Invocations


You had 4 spell levels left.
You didn't know any spells.
Your spell library was empty.

Dungeon Overview and Level Annotations

Branches:
Dungeon (4/15)
 Temple: D:4-7

Altars:
Elyvilon
Qazlal

Portals:
Sewer: D:4

Annotations:
D:2 Natasha
D:4 Sigmund


Message History

Okay, then.
You hit the scorpion but do no damage.
The scorpion is severely wounded.
You feel sick. Something hits you.
* * * LOW HITPOINT WARNING * * *
The scorpion completely misses you.
Unknown command.
You hit the scorpion but do no damage.
The scorpion looks as sick as possible!
The scorpion is almost dead.
You feel sick.
You kill the scorpion!
Something hits you.
* * * LOW HITPOINT WARNING * * *
Your Stealth skill increases to level 3!
Your Invocations skill increases to level 2!
* * * LOW HITPOINT WARNING * * *
You feel sick.
You see here a ball python corpse.
Unknown command.
You hit something.
* * * LOW HITPOINT WARNING * * *
You feel sick. Something hits you. Elyvilon protects you from harm!
You barely miss something.
* * * LOW HITPOINT WARNING * * *
You feel sick.
You hear some strange, mumbled words.
Something tries to affect you, but you resist.
You hit something but do no damage.
* * * LOW HITPOINT WARNING * * *
You feel sick. Something hits you! Elyvilon protects you from harm!
You hit something. Elyvilon protects you from harm!
You are no longer poisoned.
You miss something.
You hear some strange, mumbled words.
A magic dart appears from out of thin air!
The magic dart hits you.
You die...

#####.# ..... . .....
.. ... ... #. #. ...
.... #.##.##.##.....
# #..........# #∩
...##.# ## .#~~~~
#..##@# . .# .#~~~~.
#..##{#..#
.#.##~r...##..##r#..#
.#.##.....#r..?....#
..@....###.........#
..# #.##..........#
#.........#@#...>..#
..................$#
##............####.#


You could see a river rat.

Vanquished Creatures
  A scorpion (D:4)
  Natasha (D:2)
  3 adders (D:3)
  A worm (D:3)
  2 dart slugs
  An orc (D:3)
  2 endoplasms
  2 giant cockroaches
  4 goblins
  A hobgoblin (D:2)
  A quokka (D:1)
  5 ball pythons (D:4)
  A bat (D:2)
  A frilled lizard (D:3)
  2 kobolds
  4 rats
32 creatures vanquished.

Vanquished Creatures (others)
  A river rat (D:4)
  An orc (D:3)
  A butterfly (D:3)
3 creatures vanquished.

Grand Total: 35 creatures vanquished

Notes
Turn   | Place    | Note
-------+----------+-------------------------------------------
     0 | D:1      | Spectrina the Human Monk began the quest for the Orb.
     0 | D:1      | Reached XP level 1. HP: 18/18 MP: 1/1
   113 | D:2      | Noticed Natasha
   131 | D:2      | Reached XP level 2. HP: 24/24 MP: 2/2
   144 | D:2      | HP: 1/24 [Natasha (8)]
   154 | D:2      | Killed Natasha
   155 | D:2      | Reached skill level 1 in Staves
   155 | D:2      | Reached skill level 1 in Stealth
   155 | D:2      | Reached XP level 3. HP: 13/29 MP: 3/3
   237 | D:4      | Reached XP level 4. HP: 35/35 MP: 4/4
   238 | D:4      | Noticed Sigmund
   451 | D:2      | Noticed Natasha
   542 | D:3      | Found a white marble altar of Elyvilon.
   547 | D:3      | Became a worshipper of Elyvilon the Healer
   547 | D:3      | Reached * piety under Elyvilon
   547 | D:3      | Reached ** piety under Elyvilon
   617 | D:3      | Found a stormy altar of Qazlal.
   624 | D:3      | Found a faded altar of an unknown god.
   663 | D:4      | Found a glowing drain.
   679 | D:4      | Reached skill level 1 in Invocations
   680 | D:4      | Noticed a scorpion
   703 | D:4      | Reached XP level 5. HP: 15/41 MP: 0/5
   709 | D:4      | HP: 2/41 [poisoned by a scorpion]
   709 | D:4      | Elyvilon protects you from harm!
   711 | D:4      | Elyvilon protects you from harm!
   712 | D:4      | Elyvilon protects you from harm!
   713 | D:4      | Killed from afar by Sigmund

Illustrated notes

Levels and vault maps discovered:
D:1:      dpeg_arrival_connections, layout_rooms, minmay_pentomino_u4
D:2:      layout_basic, grunt_ministairs_2, uniq_natasha
D:3:      layout_loops_corners, nicolae_qazlal_scattered_showers,
          nicolae_elyvilon_peaceful_grove, ebering_ecumenical_altar_abandoned
D:4:      layout_rooms, nicolae_overflow_quartered_altars,
          minmay_temple_entry_ruins, serial_shops, kennysheep_mini_moat,
          portal_sewer_entry_b, uniq_duvessa, uniq_sigmund

Skill      XL: |  1  2  3  4  5 |
---------------+----------------+-----
Staves         | 1 2 |  2.7
Stealth        | 1 2 3 |  3.0
Invocations    | 1 2 |  2.1
Fighting       | |  3.0
Maces & Flails | |  3.3
Dodging        | |  3.0

Action                     |  1- 3 |  4- 6 || total
---------------------------+-------+-------++-------
  Melee: Quarterstaff      |    21 |    77 ||    98
         Mace              |     2 |       ||     2
         Unarmed           |       |     4 ||     4
         Short sword       |       |     9 ||     9
 Invoke: Heal Other        |       |     3 ||     3
    Use: Potion            |     3 |     1 ||     4
   Stab: Sleeping          |     3 |     1 ||     4
 Armour: Robe              |     6 |     1 ||     7
         Leather armour    |       |    43 ||    43
         Skin              |       |    30 ||    30
  Dodge: Dodged            |    20 |    66 ||    86
